 Dungeon Crawl Stone Soup version 0.30.1-4-g462c640d31 (webtiles) character file.

Game seed: 4696551296463225980

7035 Peloso the Carver (level 10, -1/76 (91) HPs)
             Began as a Minotaur Fighter on Aug 19, 2023.
             Was an Elder of Okawaru.
             Slain by Urug
             ... wielding a +0 demon trident of draining
              (24 damage)
             ... on level 10 of the Dungeon.
             The game lasted 00:15:20 (10193 turns).

Peloso the Carver (Minotaur Fighter)               Turns: 10193, Time: 00:15:21

HP:   -1/76 (91)    AC: 15    Str: 20    XL:     10   Next: 83%
MP:   0/9           EV: 17    Int:  5    God:    Okawaru [****..]
Gold: 735           SH:  6    Dex: 15    Spells: 9/9 levels left

rFire   + . .        a - +1 long sword
rCold   . . .        d - +0 buckler
rNeg    . . .        E - +3 scale mail {rF+}
rPois   .            (helmet restricted)
rElec   .            (no cloak)
rCorr   .            s - +2 pair of gloves {infuse}
SInv    .            (no boots)
Will    +....        (no amulet)
Stlth   +            e - ring of willpower
HPRegen 0.32/turn    v - +5 ring of evasion
MPRegen 0.11/turn

%: no passive effects
@: heavily drained
A: horns 2, retaliatory headbutt
a: Renounce Religion, Heroism, Finesse


You were on level 10 of the Dungeon.
You worshipped Okawaru.
Okawaru was greatly pleased with you.
You visited 2 branches of the dungeon, and saw 11 of its levels.

You collected 735 gold pieces.

Inventory:

Hand Weapons
 a - a +1 long sword (weapon)
 b - a +1 whip of flaming
Armour
 c - a +0 pair of gloves
 d - a +0 buckler (worn)
 s - a +2 pair of gloves of infusion (worn)
 E - a +3 scale mail of fire resistance (worn)
Jewellery
 e - a ring of willpower (left hand)
 g - a +6 ring of intelligence
 v - a +5 ring of evasion (right hand)
 A - a ring of resist corrosion
 B - a ring of positive energy
 C - a +4 ring of protection
 H - a ring of ice
Wands
 i - a wand of charming (6)
Scrolls
 h - 8 scrolls of teleportation
 k - a scroll of magic mapping
 o - a scroll of fog
 p - 2 scrolls of immolation {unknown}
 t - a scroll of butterflies {unknown}
 w - 2 scrolls of blinking {unknown}
 y - 2 scrolls of identify
 z - a scroll of poison {unknown}
 D - a scroll of torment {unknown}
 F - a scroll of amnesia
 G - a scroll of enchant weapon
 I - a scroll of noise {unknown}
 J - a scroll of enchant armour
Potions
 f - 5 potions of curing
 j - 5 potions of heal wounds
 l - a potion of lignification {unknown}
 m - a potion of resistance
 n - 2 potions of mutation
 q - 2 potions of attraction {unknown}
 r - a potion of might
 u - 2 potions of berserk rage {unknown}
 x - 2 potions of invisibility {unknown}
 K - a potion of brilliance


   Skills:
 + Level 9.1 Fighting
 + Level 12.7 Long Blades
 + Level 9.5 Armour
 + Level 4.7 Dodging
 + Level 2.7 Stealth
 + Level 8.1 Shields
 + Level 0.2 Invocations


You had 9 spell levels left.
You didn't know any spells.
Your spell library contained the following spells:

 Spells                   Type           Power      Damage    Failure   Level
 Kiss of Death            Conj/Necr      0%         2d5       83%         1
 Slow                     Hex            0%         N/A       83%         1
 Ensorcelled Hibernation  Hex/Ice        0%         N/A       93%         2
 Wereblood                Tmut           0%         N/A       93%         2
 Confusing Touch          Hex            0%         N/A       99%         3
 Spider Form              Tmut/Pois      0%         N/A       99%         3
 Vampiric Draining        Necr           0%         2d6       99%         3
 Anguish                  Hex/Necr       0%         N/A       100%        4
 Cause Fear               Hex            0%         N/A       100%        4
 Dispel Undead            Necr           0%         3d6       100%        4
 Leda's Liquefaction      Hex/Erth       0%         N/A       100%        4
 Lee's Rapid Deconstruct  Erth           0%         3d4*      100%        5
 Silence                  Hex/Air        0%         N/A       100%        5
 Statue Form              Tmut/Erth      0%         N/A       100%        6
 Enfeeble                 Hex            0%         N/A       100%        7
 Discord                  Hex            0%         N/A       100%        8


Dungeon Overview and Level Annotations

Branches:
Dungeon (10/15)            Temple (1/1) D:6            Lair (0/5) D:9
    Orc: D:9-12

Altars:
Ashenzari
Cheibriados
Elyvilon
Gozag
Hepliaklqana
Nemelex Xobeh
Okawaru
Sif Muna
Trog
Uskayaw
Vehumet
Yredelemnul

Annotations:
D:10 Urug


Innate Abilities, Weirdness & Mutations

You have a pair of horns on your head.
You reflexively headbutt those who attack you in melee.


Message History

You block Urug's attack.
Things that are here:
a +0 halberd; a +0 robe You hit Urug.
Urug is lightly wounded.
Urug closely misses you.
You hit Urug. Your headbutt misses Urug.
Urug is lightly wounded.
Urug misses you.
A wight comes into view. It is wielding a +3 battleaxe.
The wight closely misses you.
You barely miss Urug.
Urug is lightly wounded.
You hit Urug.
Urug is lightly wounded.
You block Urug's attack. The wight barely misses you.
You closely miss Urug. You headbutt Urug, but do no damage.
Urug is lightly wounded.
Urug hits you with a +0 demon trident of draining!
You feel drained. You block the wight's attack.
You hit Urug.
Urug is lightly wounded.
You feel like a meek peon again.
Urug hits you with a +0 demon trident of draining!!
You feel drained.
* * * LOW HITPOINT WARNING * * *
The wight barely misses you. Urug hits you but does no damage.
You feel drained.
Urug throws a javelin.
The javelin barely misses you.
You closely miss the wight. Your headbutt misses the wight.
The wight barely misses you. You furiously retaliate!
You headbutt the wight. You hit the wight.
The wight is heavily damaged.
You slash the wight!
You destroy the wight!
Okawaru accepts your kill. The wight misses you. Urug attacks as you move away!
You block Urug's attack.
Urug hits you from afar with a +0 demon trident of draining!!
You die...

#. #.# .## #.#
..# #.# #.#
#.# # #.# #.#
#..####z###.#
#.......o...#
#...###.###o#
#......$z@..#
.....<..###.#
#...###.# #.#
#.# #.# #.# !
#.###.#
#.....#
#.######..####
#.#
#............#
#..
############.#


You could see Urug and a wight.

Vanquished Creatures
  Erolcha (D:10)
  Lodul (D:10)
  A cyclops (D:8)
  A hornet (D:9)
  Sigmund (D:2)
  A wraith (D:9)
  4 steam dragons
  3 water moccasins
  An orc warrior (D:9)
  Duvessa (D:5)
  An ice beast (D:5)
  2 black bears
  4 sky beasts
  7 ogres
  2 centaurs
  A phantom (D:6)
  2 kobold brigands
  A bullfrog (D:8)
  2 gnoll sergeants
  4 scorpions
  6 wights
  Dowan (D:5)
  3 howler monkeys (D:8)
  A hound (D:7)
  6 jellies
  9 orc priests
  3 gnoll boudas
  5 sleepcaps
  2 iguanas
  11 orc wizards
  Natasha (thrice) (D:2)
  23 gnolls
  11 adders
  A worm (D:3)
  2 dart slugs
  37 orcs
  7 endoplasms
  2 giant cockroaches
  8 goblins
  10 hobgoblins
  7 jackals
  17 kobolds
  A quokka (D:1)
  10 ball pythons
  4 bats
  3 frilled lizards
  8 rats
242 creatures vanquished.

Vanquished Creatures (others)
  A frilled lizard (D:2)
1 creature vanquished.

Grand Total: 243 creatures vanquished

Notes
Turn   | Place    | Note
-------+----------+-------------------------------------------
     0 | D:1      | Peloso the Minotaur Fighter began the quest for the Orb.
     0 | D:1      | Reached XP level 1. HP: 19/19 MP: 0/0
    66 | D:1      | You fall into a shaft and drop 1 floor!
   113 | D:2      | Noticed Sigmund
   217 | D:1      | Reached XP level 2. HP: 27/27 MP: 1/1
   301 | D:1      | Got the Vademecum on Ill-starred Metamorphosis
   736 | D:1      | Reached XP level 3. HP: 33/33 MP: 2/2
   918 | D:3      | Reached skill level 3 in Long Blades
  1056 | D:3      | Reached XP level 4. HP: 3/41 MP: 3/3
  1407 | D:3      | Reached skill level 1 in Dodging
  1484 | D:3      | Reached skill level 4 in Long Blades
  1521 | D:3      | Reached XP level 5. HP: 21/47 MP: 4/4
  2038 | D:4      | Noticed an ogre
  2163 | D:2      | Killed Sigmund
  2164 | D:2      | Reached skill level 5 in Fighting
  2164 | D:2      | Reached skill level 5 in Long Blades
  2164 | D:2      | Reached XP level 6. HP: 39/56 MP: 5/5
  2244 | D:2      | Noticed Natasha
  2248 | D:2      | Killed Natasha
  2249 | D:2      | Reached skill level 5 in Armour
  2347 | D:2      | Noticed Natasha
  2354 | D:2      | Killed Natasha
  2833 | D:2      | Found a sparkling altar of Nemelex Xobeh.
  2833 | D:2      | Noticed Natasha
  2842 | D:2      | Killed Natasha
  2843 | D:2      | Reached skill level 6 in Long Blades
  2957 | D:4      | Reached XP level 7. HP: 50/61 MP: 6/6
  2961 | D:4      | Reached skill level 5 in Shields
  3113 | D:5      | Entered Level 5 of the Dungeon
  3316 | D:5      | Reached skill level 7 in Long Blades
  3448 | D:5      | Noticed Dowan
  3450 | D:5      | Noticed a steam dragon
  3452 | D:5      | Killed Dowan
  3459 | D:5      | Killed a steam dragon
  3460 | D:5      | Reached XP level 8. HP: 65/70 MP: 7/7
  3460 | D:5      | Noticed Duvessa
  3467 | D:5      | Killed Duvessa
  3631 | D:5      | Reached skill level 8 in Long Blades
  3750 | D:5      | Found a broken altar of Ashenzari.
  3750 | D:5      | Found a sparkling altar of Nemelex Xobeh.
  4297 | D:5      | Identified the +4 ring mail of Cowardice {Int+3}
  4445 | D:5      | Found an opulent altar of Gozag.
  4825 | D:6      | Found a staircase to the Ecumenical Temple.
  4883 | Temple   | Entered the Ecumenical Temple
  4902 | Temple   | Became a worshipper of Warmaster Okawaru
  5111 | D:6      | Found a hide-covered altar of Uskayaw.
  5421 | D:7      | Reached skill level 9 in Long Blades
  5521 | D:7      | Reached * piety under Okawaru
  5553 | D:7      | Reached XP level 9. HP: 78/78 MP: 8/8
  6685 | D:4      | Reached skill level 10 in Long Blades
  6775 | D:4      | Reached ** piety under Okawaru
  6905 | D:4      | Reached skill level 1 in Stealth
  7419 | D:8      | Found a white marble altar of Elyvilon.
  7801 | D:8      | Found a radiant altar of Vehumet.
  7810 | D:8      | Found a snail-covered altar of Cheibriados.
  8065 | D:8      | Reached skill level 11 in Long Blades
  8488 | D:8      | Noticed a cyclops
  8498 | D:8      | Killed a cyclops
  8499 | D:8      | Reached XP level 10. HP: 33/88 MP: 2/9
  9099 | D:9      | Found a staircase to the Lair.
  9190 | D:9      | Reached *** piety under Okawaru
  9860 | D:10     | Entered Level 10 of the Dungeon
  9862 | D:10     | Noticed Erolcha
  9879 | D:10     | Killed Erolcha
  9880 | D:10     | Reached skill level 12 in Long Blades
  9886 | D:10     | Noticed Lodul
  9909 | D:10     | Killed Lodul
  9909 | D:10     | Reached **** piety under Okawaru
 10164 | D:10     | Noticed Urug
 10193 | D:10     | Slain by Urug

Illustrated notes

Levels and vault maps discovered:
D:1:      scummos_arrival_simple_fountains, layout_loops_ring,
          minmay_pentomino_w4
D:2:      layout_basic, basic_altar, uniq_natasha, uniq_sigmund
D:3:      layout_basic, minmay_joined_circles
D:4:      layout_loops_ring
D:5:      layout_basic, kennysheep_mini, nicolae_overflow_two_pavilions,
          uniq_duvessa
D:6:      layout_cave_pools, nicolae_uskayaw_dance_hall, temple_hall
D:7:      layout_loops_cross, hellmonk_no_cap
D:8:      layout_layer_cave, mainiacjoe_overflow_alcove_1,
          mainiacjoe_overflow_swirl
D:9:      layout_rooms, dpeg_oklobed_lair, minivault_4
D:10:     minmay_separated_statues, layout_loops_ring, serial_glass,
          glass_columns_b, glass_columns_c, glass_columns_c, glass_columns_a,
          glass_columns_b, glass_columns_a, glass_columns_c, glass_columns_a,
          uniq_erolcha, uniq_lodul, uniq_urug
Temple:   nicolae_temple_bog_church

Skill      XL: |  1  2  3  4  5  6  7  8  9 10 |
---------------+-------------------------------+-----
Shields        | 4 5 6 7 8 |  8.1
Fighting       | 4 5 6 8 9 |  9.1
Long Blades    | 3 4 5 6 7 9 11 12 | 12.7
Armour         | 4 5 6 7 8 9 |  9.5
Dodging        | 1 2 3 4 |  4.7
Stealth        | 2 |  2.7
Invocations    | |  0.2

Action                     |  1- 3 |  4- 6 |  7- 9 | 10-12 || total
---------------------------+-------+-------+-------+-------++-------
  Melee: Long sword        |    76 |   123 |   336 |   139 ||   674
         Headbutt          |     4 |    23 |    78 |    32 ||   137
 Invoke: Heroism           |       |       |     1 |     2 ||     3
    Use: Potion            |       |     3 |     1 |     1 ||     5
         Scroll            |       |     6 |     4 |       ||    10
 Armour: Scale mail        |    34 |    50 |   150 |    36 ||   270
  Dodge: Dodged            |    38 |    58 |   189 |    97 ||   382
  Block: Buckler           |    16 |    20 |   102 |    38 ||   176
